 Dungeon Crawl Stone Soup version 0.29-a0-575-g0dc89cf053 (webtiles) character file.

Game seed: 7511124979205191142

18 Nedwor the Chopper (level 2, 27/27 HPs)
             Began as a Minotaur Berserker on June 11, 2022.
             Was a Follower of Trog.
             Quit the game on level 1 of the Dungeon on June 13, 2022.
             The game lasted 00:01:11 (970 turns).

Nedwor the Chopper (Minotaur Berserker)              Turns: 970, Time: 00:01:11

Health: 27/27      AC:  2    Str: 21    XL:     2   Next: 51%
Magic:  1/1        EV: 12    Int:  4    God:    Trog [*.....]
Gold:   27         SH:  0    Dex:  9    Spells: 1/1 levels left

rFire   . . .      SeeInvis .   a - +0 hand axe
rCold   . . .      Faith    .   (no shield)
rNeg    . . .      Spirit   .   b - +0 animal skin
rPois   .          Reflect  .   (helmet restricted)
rElec   .          Harm     .   (no cloak)
rCorr   .          Rampage  .   (no gloves)
Will    .....                   (no boots)
Stlth   +.........              (no amulet)
HPRegen 0.09/turn               (no ring)
MPRegen 0.07/turn               (no ring)

@: no status effects
A: horns 2, retaliatory headbutt
a: Renounce Religion, Berserk


You were on level 1 of the Dungeon.
You worshipped Trog.
Trog was aware of your devotion.
You visited 1 branch of the dungeon, and saw 1 of its levels.

You collected 27 gold pieces.

Inventory:

Hand Weapons
 a - a +0 hand axe (weapon)
Armour
 b - a +0 animal skin (worn)
Scrolls
 d - 2 scrolls of identify {unknown}
 e - a scroll of torment {unknown}
 f - a scroll of noise {unknown}
 g - 2 scrolls of amnesia {unknown}
 h - a scroll of acquirement {unknown}
Potions
 c - a potion of curing {unknown}


   Skills:
 + Level 3.9 Fighting
 * Level 4.0 Axes
 + Level 2.8 Armour
 + Level 2.5 Dodging


You had one spell level left.
You didn't know any spells.
Your spell library was empty.

Dungeon Overview and Level Annotations

Branches:
Dungeon (1/15)

Altars:


Innate Abilities, Weirdness & Mutations

You have a pair of horns on your head.
You reflexively headbutt those who attack you in melee.


Message History

Trog accepts your kill.
An endoplasm is nearby!
The endoplasm barely misses you.
You slash the endoplasm!
You kill the endoplasm!
Trog accepts your kill.
No target in view!
A ball python comes into view.
The ball python hisses angrily.
A ball python is nearby!
A ball python is nearby!
A ball python is nearby!
Found an escape hatch in the floor.
The ball python completely misses you. The ball python misses you.
The ball python bites you. The ball python barely misses you.
You hit the ball python.
The ball python is severely wounded.
The ball python misses you. You furiously retaliate!
You headbutt the ball python.
You kill the ball python!
Trog accepts your kill.
No target in view!
As you open the door, it creaks loudly!
There is an open door here.
You see here a +0 dagger.
Key pressed, stopping explore.
Done exploring.
No target in view!
No target in view!
No target in view!
Done exploring.
Done exploring.
No target in view!
(D) Dungeon
Where to? (? - help)
Okay, then.
Welcome back, Nedwor the Minotaur Berserker.
Trog says: Kill them all!
Press ? for a list of commands and other information.
Are you sure you want to abandon this character and quit the game? (Confirm with "yes".)

######### #.......# #######.# #.#
####### #########.###########
##.....# #..P.P..#...........#
#......# #P#######...........#
#......# #.#....@............###
#......# #.#######.............#
.......# #..PP...#.............#
....#### #########.............#
....#### #P.P# #######.....###
.......###########.............##
.......(.........................
...............(...............##
)†.............##..####........##


There were no monsters in sight!

Vanquished Creatures
  3 endoplasms (D:1)
  3 goblins (D:1)
  3 hobgoblins (D:1)
  2 kobolds (D:1)
  A quokka (D:1)
  2 ball pythons (D:1)
  A frilled lizard (D:1)
15 creatures vanquished.

Notes
Turn   | Place    | Note
-------+----------+-------------------------------------------
     0 | D:1      | Nedwor the Minotaur Berserker began the quest for the Orb.
     0 | D:1      | Reached XP level 1. HP: 19/19 MP: 0/0
   470 | D:1      | Reached XP level 2. HP: 27/27 MP: 1/1
   712 | D:1      | Reached skill level 4 in Axes
   970 | D:1      | Upgraded the game from 0.29-a0-561-ga02bf68b3c to
                  | 0.29-a0-575-g0dc89cf053
   970 | D:1      | Quit the game

Illustrated notes

Levels and vault maps discovered:
D:1:      dpeg_arrival_rhombi, layout_basic, serial_aquarium,
          aquarium_bridge_square [aquarium_subvault_wall,
          aquarium_subvault_bridge, aquarium_subvault_window,
          aquarium_subvault_window], aquarium_bridge_square
          [aquarium_subvault_window, aquarium_subvault_wall,
          aquarium_subvault_wall, aquarium_subvault_bridge],
          aquarium_window_fake, aquarium_window_fake, aquarium_window_corner,
          aquarium_view_2d

Skill      XL: |  1  2 |
---------------+-------+-----
Axes           | 4 |  4.0
Fighting       | |  3.9
Armour         | |  2.8
Dodging        | |  2.5

Action                   || total
-------------------------++-------
Melee: Hand axe          ||    25
       Headbutt          ||     2
Armor: Animal skin       ||     1
Dodge: Dodged            ||    10

Table legend: (Time is in decaauts)
 A = Elapsed time spent in this place.
 B = Non-inter-level travel time spent in this place.
 C = Inter-level travel time spent in this place.
 D = Time resting spent in this place.
 E = Time spent auto-exploring this place.
 F = Levels seen in this place.
 G = Mean time per level.
                   A        B        C        D        E       F      G
               +--------+--------+--------+--------+--------+-----+--------+
         Total |    972 |    972 |      0 |      0 |    880 |   1 |  972.0 |
       Dungeon |    972 |    972 |      0 |      0 |    880 |   1 |  972.0 |
               +--------+--------+--------+--------+--------+-----+--------+

Top non-repeatable levels by time:
     D:1: 972 daAuts
